 Dungeon Crawl Stone Soup version 0.25.1-2-g60ff931df9 (webtiles) character file.

Game seed: 17732063772680498129

91 Revguard the Shield-Bearer (level 4, -3/36 HPs)
             Began as a Human Fighter on Aug 8, 2020.
             Killed from afar by Crazy Yiuf (11 damage)
             ... with a puff of flame
             ... on level 2 of the Dungeon.
             The game lasted 00:03:51 (2174 turns).

Revguard the Shield-Bearer (Human Fighter)          Turns: 2174, Time: 00:03:51

Health: -3/36      AC: 13    Str: 18    XL:     4   Next: 87%
Magic:  4/4        EV:  3    Int:  8    God:
Gold:   104        SH:  0    Dex: 12    Spells: 3/3 levels left

rFire    . . .     SeeInvis .   r - +0 mace (holy)
rCold    . . .     Gourm    .   c - +0 kite shield
rNeg     . . .     Faith    .   q - +0 plate armour
rPois    .         Spirit   .   (no helmet)
rElec    +         Reflect  .   (no cloak)
rCorr    .         Harm     .   (no gloves)
MR       .....                  g - +0 pair of boots
Stlth    ..........             (no amulet)
HPRegen  0.12/turn              (no ring)
MPRegen  0.09/turn              (no ring)

@: confused, lethally poisoned (-3 -> -20), lightly drained
A: talons 1, rugged brown scales 1, electricity resistance
a: no special abilities


You were on level 2 of the Dungeon.
You were not hungry.

You visited 1 branch of the dungeon, and saw 2 of its levels.

You collected 104 gold pieces.

Inventory:

Hand Weapons
 a - a +0 flail
 r - a +0 mace of holy wrath (weapon)
Missiles
 h - 16 poisoned darts
 j - 4 datura-tipped darts (quivered)
Armour
 b - a +0 scale mail
 c - a +0 kite shield (worn)
 g - a +0 pair of boots (worn)
 q - a +0 plate armour (worn)
Scrolls
 i - a scroll of teleportation {unknown}
 n - a scroll of blinking {unknown}
 p - 2 scrolls of identify
Potions
 d - 2 potions of might
 l - a potion of curing {unknown}
 m - a potion of heal wounds {unknown}
 o - 2 potions of brilliance
Comestibles
 f - 7 rations


   Skills:
 + Level 3.3(3.0) Fighting
 + Level 2.9(2.6) Maces & Flails
 * Level 1.0(0.8) Throwing
 + Level 3.4(3.1) Armour
 * Level 1.5(1.2) Dodging
 + Level 3.4(3.1) Shields


You had 3 spell levels left.
You didn't know any spells.
Your spell library was empty.

Dungeon Overview and Level Annotations

Branches:
Dungeon (2/15)

Altars:
Uskayaw
Wu Jian

Annotations:
D:2 Crazy Yiuf


Innate Abilities, Weirdness & Mutations

You have sharp toenails.
You are partially covered in rugged brown scales. (AC +1, +3% HP)
You are resistant to electric shocks. (rElec)


Message History

You feel drained.
You hit Crazy Yiuf but do no damage.
Crazy Yiuf is moderately wounded.
Crazy Yiuf hits you with a +4 quarterstaff of chaos!
* * * LOW HITPOINT WARNING * * *
Crazy Yiuf hits you but does no damage.
You hit Crazy Yiuf.
Crazy Yiuf is heavily wounded.
Crazy Yiuf hits you with a +4 quarterstaff of chaos!
* * * LOW HITPOINT WARNING * * *
You are lethally poisoned!
It was a potion of mutation.
You feel extremely strange.
You feel insulated.
Rugged brown scales grow over part of your body.
Your toenails lengthen and sharpen.
* * * LOW HITPOINT WARNING * * *
You feel sick.
Crazy Yiuf cries, "Hack seventy bush!"
Crazy Yiuf zaps a wand.
The puff of flame hits you!
You die...

...###
#.........#### #.#
#....##
######.......###.#
...8..#
#.#####.....#
......#### ###
###.#####
...8..>..#
#........
.........#
♣♣♣♣♣####.#####
...8...### ###
♣♣♣.♣.P#....##
........##
#...#♣..♣.P.......#
...#.....#
#...g@♣♣♣♣P.......#
.#.#...### #)..#♣♣
♣♣P#...).#
.........# ###
♣♣###...#
##.#.....# #...#
##.#.....#
##...####
##.#.....#####
##########...(....
...#.........#
#.................
####.......#.#
#...#.............
#......<#.#
#.#########...####


You could see Crazy Yiuf.

Vanquished Creatures
  3 adders (D:2)
  3 oozes
  4 dart slugs
  2 leopard geckos (D:1)
  3 bats
  2 giant cockroaches
  8 goblins
  5 hobgoblins
  A ball python (D:2)
  2 frilled lizards (D:1)
  6 kobolds
  3 rats (D:1)
42 creatures vanquished.

Notes
Turn   | Place    | Note
-------+----------+-------------------------------------------
     0 | D:1      | Revguard the Human Fighter began the quest for the Orb.
     0 | D:1      | Reached XP level 1. HP: 18/18 MP: 1/1
   256 | D:1      | Reached XP level 2. HP: 8/24 MP: 2/2
   629 | D:1      | Reached XP level 3. HP: 29/29 MP: 3/3
   979 | D:1      | Reached skill level 1 in Dodging
  1214 | D:2      | Reached XP level 4. HP: 33/35 MP: 4/4
  1252 | D:2      | Found a runed translucent door.
  1253 | D:2      | Noticed Crazy Yiuf
  1381 | D:2      | Reached skill level 1 in Throwing
  1964 | D:2      | Found a hide-covered altar of Uskayaw.
  2034 | D:2      | Found an ornate altar of the Wu Jian Council.
  2168 | D:2      | HP: 1/35 [Crazy Yiuf/+4 quarterstaff of chaos (20)]
  2174 | D:2      | Gained mutation: You are resistant to electric shocks.
                  | (rElec) [potion of mutation]
  2174 | D:2      | Gained mutation: You are partially covered in rugged brown
                  | scales. (AC +1, +3% HP) [potion of mutation]
  2174 | D:2      | Gained mutation: You have sharp toenails. [potion of
                  | mutation]
  2174 | D:2      | Killed from afar by Crazy Yiuf

Illustrated notes

Levels and vault maps discovered:
D:1:      sevenhm_arrival_forest_fort_large_2, layout_basic, minmay_3d_cube
D:2:      layout_loops_cross, eat_drink_and_be_merry_uskayaw,
          lemuel_coloured_pillars_altar, uniq_crazy_yiuf_cottage

Skill      XL: |  1  2  3  4 |
---------------+-------------+-----
Dodging        | 1 |  1.5
Throwing       | 1 |  1.0
Fighting       | |  3.3
Maces & Flails | |  2.9
Armour         | |  3.4
Shields        | |  3.4

Action                   |  1- 3 |  4- 6 || total
-------------------------+-------+-------++-------
Melee: Flail             |    90 |    39 ||   129
       Mace              |       |    14 ||    14
  Use: Scroll            |       |     3 ||     3
       Potion            |       |     2 ||     2
  Eat: Chunk             |     1 |     3 ||     4
Armor: Scale mail        |    51 |    23 ||    74
       Plate armour      |       |     5 ||     5
Dodge: Dodged            |    37 |    11 ||    48
Block: Kite shield       |    55 |    21 ||    76
